AoeStats
← ZakiDZed

Arena

509943569Analyzed
1v1 RM · 5d ago on Sep 28, 2026· 30m 50s· 2 players
Game mode
Random Map
Map size
Tiny (2 player)
Population
200
Speed
Normal
Resources
Standard
Victory
Conquest
Starting age
Dark Age
Ending age
Imperial Age
RankedLock teamsTeams togetherTeam positionsShared explorationLock speedFull tech treeHidden civsTurbo modeCheats
Victory
Defeat
🇨🇱 Danes · Chile
1005
+15
🇩🇿 Cumans · Algeria
977
-15
ZakiDZed
1:09 Loom
9:47 Feudal Age
10:23 Double-Bit Axe
15:23 Man-at-Arms
17:32 Horse Collar
21:22 Scale Mail Armor
26:52 Fletching
29:19 Wheelbarrow
31:00 Castle Age
29:37 Wheelbarrow
30:22 Bloodlines
NelsonNgap
10:16 Feudal Age
11:11 Horse Collar
11:17 Double-Bit Axe
10:59 Man-at-Arms
16:18 Scale Mail Armor
17:54 Forging
20:19 Arson
25:25 Castle Age
27:32 Long Swordsman
Connection lost

Rejoining the realm…

Still unreachable

The connection could not be restored.

Session expired

The server has moved on; the page needs a fresh start.